 Dungeon Crawl Stone Soup version 0.18-a0-1024-gf1736fb (webtiles) character file.

143 vatarom the Grave Robber (level 5, -9/43 HPs)
             Began as a Demonspawn Necromancer on Jan 7, 2016.
             Mangled by Crazy Yiuf
             ... wielding a +4 quarterstaff of chaos
              (11 damage)
             ... on level 3 of the Dungeon.
             The game lasted 00:09:10 (2736 turns).

vatarom the Grave Robber (Demonspawn Necromancer)   Turns: 2736, Time: 00:09:10

Health: -9/43      AC:  8    Str: 10    XL:     5   Next: 4%
Magic:  4/8        EV: 12    Int: 16    God:
Gold:   142        SH:  0    Dex: 13    Spells: 3 memorised, 3 levels left

rFire  . . .     SeeInvis .     l - +2 mace (crush)
rCold  . . .     Gourm    .     a - +1 robe
rNeg   . . .     Faith    .     (no shield)
rPois  .         Spirit   .     (no helmet)
rElec  .         Dismiss  .     (no cloak)
rCorr  .         Reflect  .     (no gloves)
SustAt .         Harm     .     (no boots)
MR     +....                    (no amulet)
Stlth  ++........               i - +3 ring of protection
                                e - ring of protection from magic

@: somewhat resistant to hostile enchantments, unstealthy
A: yellow scales 1
a: no special abilities


You were on level 3 of the Dungeon.
You were not hungry.

You visited 1 branch of the dungeon, and saw 3 of its levels.

You collected 142 gold pieces.

Inventory:

Hand Weapons
 d - a +1 short sword
 l - a +2 mace of crushing (weapon)
Armour
 a - a +1 robe (worn)
Jewellery
 e - a ring of protection from magic (left hand)
 i - a +3 ring of protection (right hand)
Scrolls
 f - a scroll of identify
 h - a scroll of random uselessness
Potions
 k - a potion of agility {unknown}
Books
 b - a book of Necromancy

   Spells                             Type                      Level
   a - Pain                           Necromancy                   1
   b - Animate Skeleton               Necromancy                   1
   c - Vampiric Draining              Necromancy                   3
   d - Regeneration                   Charms/Necromancy            3
   e - Animate Dead                   Necromancy                   4
   f - Control Undead                 Necromancy                   4
Comestibles
 c - a meat ration
 g - 3 beef jerkies
 j - a fruit


   Skills:
 - Level 4.5 Fighting
 - Level 1.7 Dodging
 - Level 1.7 Stealth
 - Level 2.0 Spellcasting
 + Level 4.6 Necromancy


You had 3 spell levels left.
You knew the following spells:

 Your Spells              Type           Power        Failure   Level  Hunger
a - Pain                  Necr           ###.         3%          1    #......
b - Animate Skeleton      Necr           N/A          3%          1    #......
c - Vampiric Draining     Necr           ###.......   12%         3    ###....


Dungeon Overview and Level Annotations

Branches:
Dungeon (3/15)

Altars:
Qazlal

Annotations:
D:3 Crazy Yiuf, Sigmund


Innate Abilities, Weirdness & Mutations

You are partially covered in yellow scales (AC +2).


Message History

Crazy Yiuf hits you but does no damage.
Crazy Yiuf drinks a potion.
Crazy Yiuf is healed!
You sock Crazy Yiuf!
Crazy Yiuf is heavily wounded.
Crazy Yiuf hits you with a quarterstaff of chaos!
Crazy Yiuf burns you.
You hit Crazy Yiuf.
Crazy Yiuf is almost dead.
Crazy Yiuf hits you with a quarterstaff of chaos!
Crazy Yiuf burns you.
You closely miss Crazy Yiuf.
Crazy Yiuf is almost dead.
Crazy Yiuf hits you with a quarterstaff of chaos!
* * * LOW HITPOINT WARNING * * *
Crazy Yiuf hits you with a quarterstaff of chaos.
* * * LOW HITPOINT WARNING * * *
You closely miss Crazy Yiuf.
Crazy Yiuf is almost dead.
Crazy Yiuf hits you with a quarterstaff of chaos!
You die...

..... (.........
......... #........
#........ #........
### ♣♣##........
#)..#♣♣ ♣P))).....(.
#...g@♣♣♣♣♣.).........
#...#♣..♣..P))).......
### ♣♣♣.♣.P))........
♣♣♣♣♣##........
#....#... #....#...
......#... .......#...
.......#...


You could see Crazy Yiuf.

Vanquished Creatures
  Robin (D:3)
  6 adders
  A worm (D:2)
  A giant gecko (D:3)
  An orc (D:3)
  10 bats
  A giant cockroach (D:2)
  13 goblins
  9 hobgoblins
  4 jackals (D:2)
  3 quokkas
  A ball python (D:2)
  4 giant newts
  9 kobolds
  7 rats
  2 fungi (D:3)
73 creatures vanquished.

Notes
Turn   | Place    | Note
--------------------------------------------------------------
     0 | D:1      | vatarom the Demonspawn Necromancer began the quest for the Orb.
     0 | D:1      | Reached XP level 1. HP: 13/13 MP: 3/3
   109 | D:1      | Reached skill level 1 in Fighting
   281 | D:1      | Gained mutation: You are partially covered in yellow scales (AC +2). [demonic ancestry]
   281 | D:1      | Reached XP level 2. HP: 9/21 MP: 3/5
   322 | D:1      | Learned a level 1 spell: Animate Skeleton
   976 | D:2      | Reached XP level 3. HP: 12/28 MP: 0/6
  1056 | D:2      | Learned a level 3 spell: Vampiric Draining
  1088 | D:2      | Found a stormy altar of Qazlal.
  2084 | D:3      | Reached XP level 4. HP: 33/36 MP: 4/7
  2100 | D:3      | Noticed Sigmund
  2415 | D:3      | Noticed Robin
  2639 | D:3      | Killed Robin
  2639 | D:3      | Reached XP level 5. HP: 36/43 MP: 3/8
  2726 | D:3      | Noticed Crazy Yiuf
  2735 | D:3      | HP: 2/43 [Crazy Yiuf/quarterstaff of chaos (1)]
  2736 | D:3      | Mangled by Crazy Yiuf

Vault maps used:
D:1:      lemuel_arrival_hallway, minmay_hedge_maze, kennysheep_doodads
D:2:      nicolae_qazlal_general_emergency
D:3:      kennysheep_ying_yang, cheibriados_altar_wand_db,
          uniq_crazy_yiuf_cottage, uniq_sigmund, uniq_robin

Action                   |  1- 3 |  4- 6 || total
-------------------------+-------+-------++-------
Melee: Short sword       |    65 |   100 ||   165
       Mace              |       |    23 ||    23
 Cast: Pain              |    45 |    17 ||    62
       Animate Skeleton  |     7 |       ||     7
       Vampiric Draining |       |     3 ||     3
  Use: Scroll            |     6 |       ||     6
       Potion            |     1 |       ||     1
 Stab: Sleeping          |     2 |       ||     2
  Eat: Chunk             |     3 |       ||     3
       Bread ration      |     1 |       ||     1
